 Seeded DCSS version 0.31-a0-865-g3d5d91748a (webtiles) character file.

Game seed: 20231011 (custom seed)

6280 a11behringer the Basher (level 10, -2/138 HPs)
             Began as an Armataur Berserker on Oct 11, 2023.
             Was a Priest of Trog.
             Slain by a killer bee (5 damage)
             ... on level 9 of the Dungeon.
             The game lasted 00:18:59 (7904 turns).

a11behringer the Basher (Armataur Berserker)        Turns: 7904, Time: 00:18:59

Health: -2/138     AC: 21    Str: 28      XL:     10   Next: 63%
Magic:  10/10      EV:  5    Int:  4 (7)  God:    Trog [***...]
Gold:   493        SH:  8    Dex: 10      Spells: 9/9 levels left

rFire   + . .        x - +4 whip (venom)
rCold   . . .        H - +0 kite shield
rNeg    . . .        j - +0 chain mail
rPois   .            h - +1 helmet of Tomorrow {Str+3}
rElec   .            (no cloak)
rCorr   .            (no gloves)
SInv    .            m - +3 barding
Will    +++..        (no amulet) Stlth
                     c - ring of willpower
HPRegen 1.43/turn    g - ring of protection from fire
MPRegen 0.12/turn

%: random rage (3%), roll
@: berserking, lethally poisoned (-2 -> -3), strong-willed, regenerating, very
quick
A: large, rugged brown scales 3, deformed body, armoured tail, roll, long
tongue, awkward tongue, berserk 1, weak 1
a: Renounce Religion, Berserk, Trog's Hand


You were on level 9 of the Dungeon.
You worshipped Trog.
Trog was most pleased with you.
You visited 1 branch of the dungeon, and saw 9 of its levels.

You collected 493 gold pieces.

Inventory:

Hand Weapons
 a - a +1 mace
 x - a +4 whip of venom (weapon)
 C - a +0 whip of flaming
 J - a +0 orcbow
 M - a +3 sling of electrocution
Missiles
 o - 4 javelins
 u - 3 throwing nets
Armour
 b - a +0 animal skin
 h - the +1 helmet of Tomorrow (worn) {Str+3}
   (You acquired it on level 9 of the Dungeon)

   Str+3:     It affects your strength (+3).
 i - a +0 ring mail
 j - a +0 chain mail (worn)
 m - a +3 barding (worn)
 z - an orb of mayhem
 H - a +0 kite shield (worn)
Jewellery
 c - a ring of willpower (left hand)
 e - an amulet of faith
 g - a ring of protection from fire (right hand)
 I - a ring of protection from fire
Talismans
 f - a beast talisman
Wands
 B - a wand of light (6)
 L - a wand of paralysis (2)
Scrolls
 k - 5 scrolls of teleportation
 r - 2 scrolls of enchant armour
 t - a scroll of fear
 v - 2 scrolls of poison
 E - a scroll of revelation
 G - a scroll of blinking {unknown}
 O - 2 scrolls of fog
 Q - a scroll of enchant weapon
 R - 3 scrolls of torment {unknown}
Potions
 d - a potion of invisibility {unknown}
 l - 2 potions of lignification {unknown}
 n - a potion of degeneration
 p - a potion of cancellation {unknown}
 q - a potion of berserk rage
 s - 2 potions of brilliance
 w - 2 potions of mutation {unknown}
 F - a potion of attraction {unknown}
 K - 3 potions of curing
 N - a potion of enlightenment {unknown}
 S - a potion of experience {unknown}


   Skills:
 + Level 7.0 Fighting
 * Level 9.3 Maces & Flails
 + Level 8.8 Armour
 + Level 5.4 Dodging
 + Level 5.1 Shields


You had 9 spell levels left.
You didn't know any spells.
Your spell library was empty.

Dungeon Overview and Level Annotations

Branches:
Dungeon (9/15)             Temple (0/1) D:5
   Lair: D:8-11         Orc: D:9-12

Altars:
Wu Jian

Shops:
D:3 ?


Innate Abilities, Weirdness & Mutations

You are completely covered in rugged brown scales. (AC +3, +7% HP)
Armour fits poorly on your strangely shaped body.
You have a long armoured tail.
You roll when moving toward enemies. (Rampage)
Your long tongue fully drains potion bottles. (2x potion effects)
Your tongue gives you trouble enunciating. (1.5x scroll delay)
You sometimes lose your temper in combat.
You are weak. (Str -2)


Message History

You hit the wight. You tail-slap the wight!
You destroy the wight!
Trog accepts your kill.
You feel sick. You block the killer bee's attack. The killer bee stings you.
* * * LOW HITPOINT WARNING * * *
The killer bee stings you.
* * * LOW HITPOINT WARNING * * *
You are more poisoned.
The killer bee poisons you!
Your Fighting skill increases to level 7!
You closely miss the killer bee. You tail-slap the killer bee!
You kill the killer bee!
Trog accepts your kill.
You feel sick.
The killer bee stings you but does no damage. x2
You feel sick. You block the killer bee's attack.
You see here a killer bee corpse.
You barely miss the killer bee.
You feel sick. You block the killer bee's attack.
The killer bee stings you but does no damage.
You closely miss the killer bee.
You feel sick.
The killer bee stings you but does no damage. x2
You barely miss the killer bee.
The killer bee stings you but does no damage.
The killer bee stings you.
* * * LOW HITPOINT WARNING * * *
You are more poisoned.
The killer bee poisons you!
You miss the killer bee.
Your tail-slap misses the killer bee.
You feel sick. The killer bee barely misses you.
The killer bee stings you but does no damage.
You barely miss the killer bee.
You feel sick.
The killer bee stings you but does no damage. x2
You miss the killer bee.
You feel sick. You block the killer bee's attack.
The killer bee stings you but does no damage.
You whack the killer bee!
The killer bee is poisoned.
Your tail-slap misses the killer bee.
The killer bee is almost dead.
You feel sick. You block the killer bee's attack. The killer bee stings you.
You die...

....###.....#### .#
...#.......#...##.##
...#.......#...#...#
...#.......#...#...#
###.....###........#
.......#.........#.
.......#.........#
.......#.......y.#
###.....####.††y@#
.....#.. #....)#
.....### #...))..#
.......................
....... ...............
.......................
..##########...........
..##...≈≈ ............
.....# +#......P....


You could see 2 killer bees.

Vanquished Creatures
  Erica (D:8)
  A sun demon (D:9)
  Pikel (D:6)
  Joseph (D:7)
  Maggie (D:6)
  A hellwing (D:9)
  2 hornets
  Prince Ribbit (D:7)
  2 wyverns (D:7)
  2 neqoxecs (D:9)
  A steam dragon (D:6)
  A water moccasin (D:6)
  An ice beast (D:7)
  3 ogres
  2 centaurs
  A kobold brigand (D:9)
  4 bullfrogs
  2 scorpions
  3 wights (D:9)
  12 killer bees
  2 jellies
  3 orc priests
  5 hounds
  2 sleepcaps
  Jessica (D:2)
  An iguana (D:6)
  6 orc wizards
  14 gnolls
  6 adders
  A shadow imp (D:6)
  3 white imps
  2 worms
  A dart slug (D:1)
  18 orcs
  9 ball pythons
  6 endoplasms
  3 giant cockroaches
  5 goblins
  4 hobgoblins
  8 jackals (D:3)
  2 quokkas
  8 bats
  3 frilled lizards
  10 kobolds
  4 rats
170 creatures vanquished.

Notes
Turn   | Place    | Note
-------+----------+-------------------------------------------
     0 | D:1      | a11behringer the Armataur Berserker began the quest for the
                  | Orb.
     0 | D:1      | Reached XP level 1. HP: 19/19 MP: 1/1
   258 | D:1      | Found a faded altar of an unknown god.
   325 | D:1      | Reached XP level 2. HP: 24/26 MP: 2/2
   573 | D:1      | Reached skill level 3 in Maces & Flails
  1016 | D:2      | Reached XP level 3. HP: 33/33 MP: 3/3
  1504 | D:2      | You fall into a shaft and drop 2 floors!
  1548 | D:4      | Reached XP level 4. HP: 11/40 MP: 4/4
  1708 | D:4      | Noticed an ogre
  1849 | D:3      | Reached ** piety under Trog
  2053 | D:2      | Noticed Jessica
  2061 | D:2      | Killed Jessica
  2062 | D:2      | Reached XP level 5. HP: 46/48 MP: 5/5
  2611 | D:3      | Found Ahozom's Magic Scroll Shop.
  2681 | D:4      | Reached skill level 4 in Maces & Flails
  2685 | D:4      | Reached XP level 6. HP: 19/55 MP: 6/6
  3323 | D:5      | Entered Level 5 of the Dungeon
  3354 | D:5      | Found a staircase to the Ecumenical Temple.
  3470 | D:5      | Reached XP level 7. HP: 63/63 MP: 7/7
  3543 | D:5      | Reached skill level 5 in Armour
  3565 | D:5      | Reached skill level 5 in Maces & Flails
  4051 | D:6      | Noticed Pikel
  4051 | D:6      | Noticed a steam dragon
  4074 | D:6      | Killed Pikel
  4075 | D:6      | Reached skill level 6 in Maces & Flails
  4075 | D:6      | Reached XP level 8. HP: 67/71 MP: 8/8
  4080 | D:6      | Reached skill level 5 in Fighting
  4487 | D:6      | Reached skill level 1 in Shields
  4760 | D:6      | Noticed Maggie
  4788 | D:6      | Killed Maggie
  4788 | D:6      | Reached *** piety under Trog
  4789 | D:6      | Reached skill level 7 in Maces & Flails
  4789 | D:6      | Reached XP level 9. HP: 61/79 MP: 9/9
  4959 | D:6      | Found an ornate altar of the Wu Jian Council.
  5335 | D:7      | Noticed Joseph
  5353 | D:7      | Killed Joseph
  5668 | D:7      | Paralysed by a hornet for 2 turns
  5959 | D:7      | Reached skill level 8 in Maces & Flails
  6044 | D:7      | Noticed Prince Ribbit
  6052 | D:7      | Killed Prince Ribbit
  6567 | D:8      | Reached XP level 10. HP: 16/89 MP: 10/10
  7255 | D:8      | Noticed Erica
  7276 | D:8      | Killed Erica
  7277 | D:8      | Reached skill level 5 in Dodging
  7449 | D:9      | Gained mutation: You are weak. (Str -2) [a neqoxec]
  7450 | D:9      | Noticed a sun demon
  7470 | D:9      | Killed a sun demon
  7482 | D:9      | Reached skill level 9 in Maces & Flails
  7768 | D:9      | Identified a scroll of acquirement
  7768 | D:9      | Acquired the +1 helmet of Tomorrow {Str+3}
  7810 | D:9      | Identified the +2 kite shield "Voteont" {+Inv rN+ Str-5}
  7870 | D:9      | Reached skill level 5 in Shields
  7884 | D:9      | Gained mutation: You sometimes lose your temper in combat.
                  | [a neqoxec]
  7900 | D:9      | HP: 5/138 [killer bee (4)]
  7904 | D:9      | Slain by a killer bee

Illustrated notes

Levels and vault maps discovered:
D:1:      dpeg_arrival_solitude, layout_loops_corners, basic_ecumenical_altar,
          minmay_fountain_box
D:2:      layout_basic, uniq_jessica
D:3:      minmay_octagon_keep, layout_basic, serial_shops,
          nicolae_shop_peninsula, palyth_stone_intersect
D:4:      layout_rooms, grunt_ministairs_5
D:5:      layout_basic, minmay_temple_entry_large_hall
D:6:      layout_rooms, pdpol_wu_jian_five_deadly_venoms, minmay_starry_boxes,
          uniq_pikel, uniq_maggie
D:7:      layout_loops_cross, uniq_joseph, uniq_prince_ribbit1
D:8:      layout_loops_corners, uniq_erica
D:9:      nicolae_hitomezashi [nicolae_hito_row, nicolae_hito_row,
          nicolae_hito_row, nicolae_hito_row, nicolae_hito_row,
          nicolae_hito_row, nicolae_hito_row, nicolae_hito_row,
          nicolae_hito_row, nicolae_hito_row, nicolae_hito_row,
          nicolae_hito_row, nicolae_hito_row, nicolae_hito_row,
          nicolae_hito_row, nicolae_hito_row, nicolae_hito_row,
          nicolae_hito_row], layout_stronghold, nicolae_ru_the_path_less_chosen,
          serial_demonic, serial_demonic_f, serial_demonic_e, serial_demonic_g,
          serial_demonic_f, serial_demonic_d, fountainhead, corexii_corridor_pit

Skill      XL: |  1  2  3  4  5  6  7  8  9 10 |
---------------+-------------------------------+-----
Maces & Flails | 3 4 6 7 8 9 |  9.3
Fighting       | 3 4 5 6 7 |  7.0
Armour         | 3 4 5 6 8 |  8.8
Dodging        | 2 3 4 5 |  5.4
Shields        | 1 4 5 |  5.1

Action                     |  1- 3 |  4- 6 |  7- 9 | 10-12 || total
---------------------------+-------+-------+-------+-------++-------
  Melee: Mace              |   105 |   174 |       |       ||   279
         Tailslap          |     5 |    18 |    32 |    16 ||    71
         Whip              |       |    22 |   308 |   147 ||   477
 Invoke: Berserk           |       |     3 |     1 |     2 ||     6
         Trog's Hand       |       |     1 |     1 |     2 ||     4
    Use: Scroll            |     4 |     7 |     1 |     5 ||    17
   Stab: Distracted        |     1 |       |       |       ||     1
 Armour: Animal skin       |     6 |       |       |       ||     6
         Ring mail         |    95 |   140 |       |       ||   235
         Chain mail        |       |    49 |   242 |   182 ||   473
  Dodge: Dodged            |    44 |    83 |    49 |    50 ||   226
  Block: Kite shield       |       |       |    62 |   106 ||   168

Table legend: (Time is in decaauts)
 A = Elapsed time spent in this place.
 B = Non-inter-level travel time spent in this place.
 C = Inter-level travel time spent in this place.
 D = Time resting spent in this place.
 E = Time spent auto-exploring this place.
 F = Levels seen in this place.
 G = Mean time per level.
                   A        B        C        D        E       F      G
               +--------+--------+--------+--------+--------+-----+--------+
         Total |   7922 |   7524 |    398 |      0 |   6256 |   9 |  880.2 |
       Dungeon |   7922 |   7524 |    398 |      0 |   6256 |   9 |  880.2 |
               +--------+--------+--------+--------+--------+-----+--------+

Top non-repeatable levels by time:
     D:8: 1195 daAuts
     D:7: 1194 daAuts
     D:6: 987 daAuts
     D:1: 955 daAuts
     D:4: 907 daAuts
     D:3: 835 daAuts
     D:2: 717 daAuts
     D:5: 695 daAuts
     D:9: 433 daAuts
